 Dungeon Crawl Stone Soup version 0.31-a0-819-gf6de2f5ab6 (webtiles) character file.

Game seed: 9119902789938002823

133 qw the Shooter (level 5, -9/32 HPs)
             Began as a Gargoyle Hunter on Sept 23, 2023.
             Mangled by a black bear (10 damage)
             ... on level 4 of the Dungeon.
             The game lasted 00:00:56 (3038 turns).

qw the Shooter (Gargoyle Hunter)                    Turns: 3038, Time: 00:00:57

Health: -9/32      AC:  9    Str: 14    XL:     5   Next: 16%
Magic:  5/5        EV: 10    Int: 10    God:
Gold:   128        SH:  0    Dex: 15    Spells: 4/4 levels left

rFire   . . .        Y - +0 shortbow
rCold   . . .        (shield currently unavailable)
rNeg    + . .        d - +0 ring mail
rPois   inf          (no helmet)
rElec   +            (no cloak)
rCorr   .            (no gloves)
SInv    .            (no boots)
Will    .....        (no amulet)
Stlth   +            (no ring)
HPRegen 0.25/turn    (no ring)
MPRegen 0.09/turn

%: no passive effects
@: no status effects
A: sickness immunity, AC +4, negative energy resistance 1, electricity
resistance, torment resistance 1, petrification resistance
a: no special abilities


You were on level 4 of the Dungeon.
You visited 1 branch of the dungeon, and saw 4 of its levels.

You collected 128 gold pieces.


Innate Abilities, Weirdness & Mutations

You are immune to sickness and miasma.
Your stone body is resilient. (AC +4)
You are immune to poison.
You resist negative energy. (rN+)
You are resistant to electric shocks. (rElec)
You are resistant to unholy torment.
You are immune to petrification.


   Skills:
 - Level 3.0 Fighting
 + Level 5.8 Ranged Weapons
 - Level 1.0 Armour
 - Level 1.5 Dodging
 - Level 1.1 Stealth


You had 4 spell levels left.
You didn't know any spells.
Your spell library was empty.

Inventory:

Hand Weapons
 Y - a +0 shortbow (weapon)
Armour
 d - a +0 ring mail (worn)
Scrolls
 b - a scroll of enchant armour
Potions
 a - a potion of might {unknown}
 c - a potion of brilliance {unknown}
 e - 2 potions of curing
 f - a potion of haste {unknown}
 g - a potion of heal wounds

Dungeon Overview and Level Annotations

Branches:
Dungeon (4/15)
 Temple: D:4-7

Altars:
Ru
Uskayaw
Zin


Message History

The black bear bites you but does no damage.
The black bear misses you.
The black bear claws you but does no damage.
You shoot an arrow. The arrow hits the black bear.
The black bear is heavily wounded.
The black bear completely misses you.
The black bear claws you but does no damage.
The black bear barely misses you.
You shoot an arrow. The arrow hits the black bear.
The black bear is heavily wounded.
The black bear bites you but does no damage.
The black bear claws you.
The black bear claws you but does no damage.
You shoot an arrow. The arrow hits the black bear.
The black bear is severely wounded.
The black bear bites you.
The black bear claws you but does no damage.
The black bear misses you.
The black bear goes berserk!
You shoot an arrow.
The arrow hits the black bear but does no damage.
The black bear is severely wounded.
The black bear bites you but does no damage.
The black bear closely misses you.
The black bear claws you but does no damage.
You shoot an arrow.
The arrow closely misses the black bear.
The black bear bites you. The black bear claws you. The black bear misses you.
The black bear closely misses you.
The black bear claws you but does no damage.
The black bear completely misses you.
You shoot an arrow. The arrow hits the black bear.
The black bear is severely wounded.
The black bear barely misses you. The black bear closely misses you.
The black bear claws you. The black bear barely misses you.
The black bear completely misses you. The black bear closely misses you.
You shoot an arrow. The arrow hits the black bear.
The black bear is severely wounded.
The black bear bites you! The black bear claws you.
The black bear closely misses you. The black bear bites you!
You die...

.... ... #..
###.)
###....##
........#
........##
......h@.##
..........##
.########..##
##..## ##..##
##..## ##..##
##..## #.#..#


You could see a black bear (berserk).

Vanquished Creatures
  6 adders
  2 dart slugs (D:3)
  2 orcs (D:3)
  7 endoplasms
  2 giant cockroaches
  5 goblins (D:1)
  9 hobgoblins
  7 jackals (D:1)
  2 quokkas
  6 ball pythons
  4 bats
  3 frilled lizards
  10 kobolds
  4 rats
69 creatures vanquished.

Notes
Turn   | Place    | Note
-------+----------+-------------------------------------------
     0 | D:1      | qw the Gargoyle Hunter began the quest for the Orb.
     0 | D:1      | Reached XP level 1. HP: 12/12 MP: 1/1
     0 | D:1      | 0 ||| qw: Version: 0.3-a-83-gcd0e7d8
     0 | D:1      | 0 ||| qw: Game counter: 1380
     0 | D:1      | 0 ||| qw: Melee chars always use a shield: true
     0 | D:1      | 0 ||| qw: God list: Okawaru
     0 | D:1      | 0 ||| qw: Allow faded altars: false
     0 | D:1      | 0 ||| qw: Do Orc after clearing Dungeon:15 true
     0 | D:1      | 0 ||| qw: Do second Lair branch before Depths: true
     0 | D:1      | 0 ||| qw: Lair rune preference: random
     0 | D:1      | 0 ||| qw: Goals: Normal
     0 | D:1      | 0 ||| PLANNING D:1-11
   141 | D:1      | Reached XP level 2. HP: 17/17 MP: 2/2
   412 | D:1      | Reached XP level 3. HP: 21/21 MP: 3/3
   530 | D:1      | Reached skill level 5 in Ranged Weapons
   533 | D:1      | You fall into a shaft and drop 1 floor!
   644 | D:2      | Found a sacrificial altar of Ru.
   715 | D:2      | 715 ||| UPGRADING to +0 ring mail.
   759 | D:2      | 759 ||| DROPPING +0 leather armour.
   864 | D:2      | 864 ||| DROPPING ring of flight.
   865 | D:2      | 865 ||| READING scroll labelled MUOTASM UNIYLO.
   866 | D:2      | 866 ||| READING scroll labelled DYNNERCH GIQOF.
   867 | D:2      | 867 ||| DRINKING 2 fizzy coppery potions.
   868 | D:2      | 868 ||| DROPPING scroll of butterflies.
  1021 | D:1      | Reached skill level 1 in Armour
  1028 | D:1      | Reached XP level 4. HP: 27/27 MP: 4/4
  1151 | D:1      | Reached skill level 3 in Fighting
  1228 | D:1      | 1228 ||| READING scroll labelled IROOPT SOYL.
  1938 | D:2      | 1938 ||| READING scroll labelled UWNOUPNUCO.
  1959 | D:2      | 1959 ||| READING scroll labelled PONKUI MECWAPI.
  2017 | D:3      | Found a faded altar of an unknown god.
  2553 | D:3      | Reached XP level 5. HP: 28/32 MP: 5/5
  2838 | D:3      | Found a glowing silver altar of Zin.
  2843 | D:3      | Found a hide-covered altar of Uskayaw.
  2975 | D:3      | 2975 ||| DROPPING ring of magical power.
  2976 | D:3      | 2976 ||| READING scroll labelled MUZXIMOFFON.
  2977 | D:3      | 2977 ||| READING scroll labelled NURESH ZEURUMU.
  2980 | D:3      | 2980 ||| READING scroll labelled KEM MOMPAFF.
  2981 | D:3      | 2981 ||| DRINKING 2 ruby potions.
  2982 | D:3      | 2982 ||| DRINKING 2 purple potions.
  2983 | D:3      | 2983 ||| DRINKING 3 potions of curing.
  2983 | D:3      | 2983 ||| (to cure confusion)
  2984 | D:3      | 2984 ||| DROPPING potion of ambrosia.
  3025 | D:4      | Noticed a black bear
  3038 | D:4      | HP: 6/32 [black bear (9)]
  3038 | D:4      | HP: 1/32 [black bear (5)]
  3038 | D:4      | Mangled by a black bear

Levels and vault maps discovered:
D:1:      eino_arrival_druids_welcome, layout_loops_corners
D:2:      layout_basic, basic_altar, serial_glass, glass_columns_a,
          glass_columns_a, minivault_27
D:3:      layout_loops_corners, minitemple, nicolae_ecumenical_pavilion
D:4:      layout_cave_pods

Skill      XL: |  1  2  3  4 |
---------------+-------------+-----
Ranged Weapons | 5 |  5.8
Armour         | 1 |  1.0
Fighting       | 3 |  3.0
Dodging        | |  1.5
Stealth        | |  1.1

Action                     |  1- 3 |  4- 6 || total
---------------------------+-------+-------++-------
   Fire: Shortbow          |   112 |   112 ||   224
    Use: Scroll            |     2 |     6 ||     8
         Potion            |     1 |     3 ||     4
 Armour: Leather armour    |    12 |       ||    12
         Ring mail         |     2 |    54 ||    56
  Dodge: Dodged            |    21 |    37 ||    58

Table legend:
 A = Non-vault XP
 B = Vault XP
 C = Vault XP percentage of total XP
 D = Non-vault monster count
 E = Vault monster count
 F = Vault count percentage of total count
                 A         B        C        D         E       F
            +---------+---------+-------+---------+---------+-------
      Total |     190 |       0 |   0.0 |      69 |       0 |   0.0
            +---------+---------+-------+---------+---------+-------
        D:1 |      52 |       0 |   0.0 |      30 |       0 |   0.0
        D:2 |      45 |       0 |   0.0 |      22 |       0 |   0.0
        D:3 |      93 |       0 |   0.0 |      17 |       0 |   0.0
            +---------+---------+-------+---------+---------+-------
